Map: Daybreak LE (Void)

Players

Uki

  • Race: Zerg Zerg
  • League: Gold
  • Spawn Location: 1:00

A.I. 1 (Elite)

  • Race: Terran Terran
  • Spawn Location: 7:00

VOD

Have the link to the VOD?

Description

Time

  • Played on: Dec. 8, 2016, 12:50 p.m.
  • Length: 10:20
Show
View Real Time Build Order
Export as new Build Order

Uki Zerg 

Build Orders: Hatch First 

Get SALT Encoding   

  12  0:00  Lair  
  12  0:06  Overlord  
    0:12  Drone x12  
    0:26  Drone  
  13  0:37  Overlord  
  13  0:42  Drone  
  14  0:55  Drone x2  
  16  1:16  Hatchery  
  15  1:19  Drone  
  15  1:23  Drone  
  17  1:27  Extractor  
  16  1:41  Spawning Pool  
  16  1:44  Drone  
  16  1:49  Drone  
  16  1:53  Drone  
  18  1:58  Drone  
  19  2:14  Overlord  
  19  2:28  Queen  
  21  2:31  Queen  
  23  2:38  Metabolic Boost  
  23  2:42  Zergling x2  
  24  2:46  Zergling x2  
  24  2:49  Zergling x2  
  26  2:56  Drone x2  
  28  3:00  Drone  
  28  3:03  Drone  
  30  3:14  Queen  
  32  3:20  Overlord  
  32  3:28  Drone x2  
  32  3:29  Drone  
  35  3:50  Hatchery  
  34  4:01  Drone x2  
  34  4:02  Drone x3  
  39  4:09  Overlord  
  39  4:10  Overlord  
  39  4:15  Pneumatized Carapace  
  39  4:21  Drone x2  
  41  4:38  Drone  
  42  4:41  Extractor  
  42  4:42  Drone x6  
  47  5:01  Queen  
  47  5:02  Queen  
  47  5:05  Overlord  
  47  5:07  Overlord  
  53  5:11  Lair  
  53  5:12  Roach Warren  
  49  5:14  Drone x4  
  53  5:31  Drone x7  
  53  5:32  Drone  
  61  5:38  Queen  
  61  5:41  Evolution Chamber x2  
  61  5:53  Drone x8  
  69  6:17  Overlord  
  69  6:18  Overlord  
  69  6:19  Glial Reconstitution  
  69  6:28  Extractor  
  69  6:29  Extractor  
  69  6:32  Zerg Melee Weapons Level 1, Zerg Ground Armor Level 1  
  67  6:33  Zergling x16  
  67  6:34  Zergling x2  
  76  6:41  Baneling Nest  
  76  6:47  Drone x7  
  82  7:14  Drone x3  
  82  7:15  Drone x5  
  90  7:22  Roach x4  
  98  7:23  Overlord x5  
  98  7:26  Hatchery  
  98  7:28  Extractor, Infestation Pit  
  95  7:54  Overlord x3  
  95  7:56  Hatchery  
  95  7:58  Roach x12  
  106  7:59  Zergling x6  
  106  8:04  Overseer x2  
  121  8:28  Spore Crawler  
  121  8:32  Spine Crawler  
  121  8:33  Spore Crawler  
  118  8:36  Spine Crawler  
  118  8:37  Roach x15  
  147  8:41  Ravager  
  147  8:43  Overlord  
  147  8:47  Extractor  
  147  8:55  Drone x3  
  147  8:56  Drone x6  
  156  9:04  Queen  
  156  9:09  Queen  
  160  9:19  Roach  
  160  9:20  Roach x2, Zergling x18  
  144  9:34  Queen  
  144  9:37  Overseer  
  122  9:40  Queen  
  120  10:01  Drone x8  
  120  10:02  Overlord x3  
Show
View Real Time Build Order
Export as new Build Order

A.I. 1 (Elite) Terran 

Build Orders: Command Center First (CC), Mech 

Get SALT Encoding   

    0:12  SCV x12  
    0:24  SCV, Unknown  
  13  0:37  SCV  
  14  0:49  SCV  
  15  0:56  Supply Depot  
  15  1:18  SCV  
  16  1:24  Command Center  
  16  1:30  SCV  
  17  1:40  Barracks  
  17  1:42  SCV  
  18  1:54  SCV  
  18  1:57  Refinery  
  19  2:09  Supply Depot  
  19  2:12  SCV  
  20  2:24  Refinery  
  20  2:28  Marine  
  21  2:31  SCV  
  21  2:36  SCV  
  23  2:43  SCV  
  24  2:46  Marine  
  25  2:59  Factory  
  25  3:00  SCV  
  25  3:04  Marine  
  27  3:14  Factory  
  27  3:20  SCV  
  27  3:22  Marine  
  27  3:25  SCV  
  30  3:33  SCV  
  31  3:37  SCV  
  31  3:40  Marine  
  33  3:45  Supply Depot  
  33  3:48  Factory Tech Lab  
  33  3:52  SCV  
  34  3:55  SCV  
  34  3:57  Marine  
  34  3:59  Factory Tech Lab  
  36  4:04  SCV  
  36  4:08  SCV  
  38  4:15  Siege Tank, Marine  
  42  4:27  SCV  
  42  4:30  SCV  
  44  4:37  Supply Depot  
  44  4:45  Siege Tank  
  47  4:48  SCV  
  47  4:51  SCV  
  49  5:00  Siege Tank  
  49  5:02  Marine  
  53  5:17  Hellion  
  55  5:23  Supply Depot  
  55  5:32  Siege Tank  
  58  5:37  Barracks  
  58  5:38  Barracks Tech Lab  
  58  5:39  Hellion  
  60  5:51  Armory  
  60  6:00  Hellion  
  62  6:04  Hellion  
  62  6:11  Supply Depot  
  63  6:27  Armory  
  63  6:34  Factory  
  63  6:37  Terran Vehicle And Ship Armor Level 1  
  63  6:40  Hellion  
  63  6:45  Hellion  
  67  6:57  Supply Depot  
  67  7:01  Siege Tank  
  69  7:11  Marine  
  69  7:14  Terran Vehicle Weapons Level 1, Marine  
  71  7:18  Siege Tank  
  74  7:42  Hellion  
  76  7:45  Infernal Pre-Igniter, Marine  
  76  7:46  Hellion  
  76  7:47  Supply Depot  
  76  7:50  Marine  
  80  8:04  Stimpack  
  79  8:29  Engineering Bay  
  79  8:30  Engineering Bay  
  79  8:56  Missile Turret  
  79  9:04  Marauder  
  81  9:16  Missile Turret  
  81  9:23  Supply Depot  
  81  9:24  Hellion  
  79  9:26  Marauder  
  79  9:31  Marine  
  77  9:33  Hellion  
  42  9:47  Marauder  
  42  9:48  Marine  
Tags
 
Add a new tag
Caveats
  • Supply blocks, unpowered buildings, or Contaminate may cause inaccurate times.
  • Supply counts are checked every 10 seconds.